 Dungeon Crawl Stone Soup version 0.24-a0-613-g1ff6aac338 (webtiles) character file.

Game seed: 13192821483407356091, levelgen mode: deterministic

10 Hempel the Chiller (level 2, 0/20 HPs)
             Began as a Demigod Ice Elementalist on Sept 11, 2019.
             Succumbed to hobgoblin's curare-tipped dart
             ... on level 1 of the Dungeon.
             The game lasted 00:06:25 (552 turns).

Hempel the Chiller (Demigod Ice Elementalist)        Turns: 552, Time: 00:06:25

Health: 0/20       AC:  3    Str: 11    XL:     2   Next: 0%
Magic:  1/7        EV: 13    Int: 19    God:
Gold:   35         SH:  0    Dex: 16    Spells: 3/4 levels left

rFire    . . .     SeeInvis .   (no weapon)
rCold    . . .     Gourm    .   (no shield)
rNeg     . . .     Faith    .   a - +1 robe
rPois    .         Spirit   .   (no helmet)
rElec    .         Reflect  .   (no cloak)
rCorr    .         Harm     .   (no gloves)
MR       .....                  (no boots)
Stlth    ++........             (no amulet)
HPRegen  0.06/turn              (no ring)
MPRegen  0.10/turn              (no ring)

@: lethally poisoned (0 -> -16), slowed, very slow
A: high mp 1
a: no special abilities


You were on level 1 of the Dungeon.
You were full.

You visited 1 branch of the dungeon, and saw 1 of its levels.

You collected 35 gold pieces.

Inventory:

Hand Weapons
 f - a +0 hand axe
   (You found it on level 1 of the Dungeon)
Missiles
 i - a curare-tipped dart (quivered) {!f}
Armour
 a - a +1 robe (worn)
Scrolls
 b - a scroll of identify {@r1}
 c - 2 scrolls of magic mapping
Potions
 g - a potion of berserk rage {unknown}
 h - a potion of curing {unknown}
Comestibles
 d - a chunk of flesh
 e - 4 rations {!d}


   Skills:
 + Level 2.0 Dodging
 + Level 1.8 Stealth
 + Level 1.9 Spellcasting
   Level 0.8 Conjurations
 + Level 3.0 Ice Magic


You had 3 spell levels left.
You knew the following spells:

 Your Spells              Type           Power        Failure   Level  Hunger
a - Freeze                Ice            ##..         4%          1    #......

Your spell library contained the following spells:

 Spells                   Type           Power        Failure   Level  Hunger
 Throw Frost              Conj/Ice       #.....       12%         2    ###....
 Ozocubu's Armour         Chrm/Ice       #.......     26%         3    ###....
 Throw Icicle             Conj/Ice       #.......     58%         4    #####..
 Summon Ice Beast         Ice/Summ       #.......     65%         4    #####..


Dungeon Overview and Level Annotations

Branches:
Dungeon (1/15)


Innate Abilities, Weirdness & Mutations

You have an increased reservoir of magic. (+10% MP)


Message History

The slug dart misses you.
Aim: a dart slug (severely wounded, clinging)
You freeze the dart slug.
You kill the dart slug!
Your Dodging skill increases to level 2!
Found a ration.
A goblin comes into view. It is wielding a +0 dagger.
A goblin is nearby!
You see here a ration {!d}.
e - 4 rations {!d} (gained 1)
The goblin shouts!
Really attack barehanded? [Y]es or [N]o only, please.
Really attack barehanded? [Y]es or [N]o only, please.
Really attack barehanded?
Okay, then.
Aim: a goblin, wielding a +0 dagger You freeze the goblin.
Aim: a goblin, wielding a +0 dagger (severely wounded)
You freeze the goblin!
You kill the goblin!
You have reached level 2!
Some of the chunks of flesh in your inventory have rotted away.
A hobgoblin comes into view. It is wielding a +0 club.
The hobgoblin throws a curare-tipped dart.
The curare-tipped dart hits you.
You are poisoned.
You have difficulty breathing.
You feel yourself slow down.
Things that are here:
a curare-tipped dart {!f}; a +0 dagger; a goblin corpse
i - a curare-tipped dart {!f} You feel sick.
The hobgoblin throws a curare-tipped dart.
The curare-tipped dart hits you.
You are more poisoned.
You have difficulty breathing.
* * * LOW HITPOINT WARNING * * *
You feel as though you will be slow longer.
Throwing (i - inventory)
i - a curare-tipped dart (quivered)
{!f}
Aim: a hobgoblin, wielding a +0 club Really fire
i - a curare-tipped dart {!f}?
* * * LOW HITPOINT WARNING * * *
You feel sick.
The hobgoblin throws a curare-tipped dart.
The curare-tipped dart barely misses you.
The hobgoblin throws a curare-tipped dart.
The curare-tipped dart misses you.
You die...

#
########################*********
..............(.@....g..,,,,,,,,,
########################*********
# # # # # ###### # #....#
************
##########....#######..,,,,,,,,**


You could see a hobgoblin.

Vanquished Creatures
  A dart slug (D:1)
  3 goblins (D:1)
  A hobgoblin (D:1)
  3 rats (D:1)
8 creatures vanquished.

Notes
Turn   | Place    | Note
-------+----------+-------------------------------------------
     0 | D:1      | Hempel the Demigod Ice Elementalist began the quest for the
                  | Orb.
     0 | D:1      | Reached XP level 1. HP: 14/14 MP: 5/5
   432 | D:1      | Reached skill level 3 in Ice Magic
   548 | D:1      | Reached XP level 2. HP: 17/20 MP: 0/7
   551 | D:1      | HP: 1/20 [poisoned by hobgoblin (curare-tipped dart)]
   552 | D:1      | Succumbed to hobgoblin's curare-tipped dart

Levels and vault maps discovered:
D:1:      psy_arrival_wood_between_worlds, layout_basic, minmay_vboxes

Skill      XL: |  1 |
---------------+----+-----
Ice Magic      | 3 |  3.0
Dodging        | 2 |  2.0
Stealth        | |  1.8
Spellcasting   | |  1.9
Conjurations   | |  0.8

Action                   || total
-------------------------++-------
Melee: Unarmed           ||     6
 Cast: Freeze            ||    15
  Use: Scroll            ||     3
  Eat: Ration            ||     1
Dodge: Dodged            ||     7

Table legend:
 A = Non-vault XP
 B = Vault XP
 C = Vault XP percentage of total XP
 D = Non-vault monster count
 E = Vault monster count
 F = Vault count percentage of total count
                 A         B        C        D         E       F
            +---------+---------+-------+---------+---------+-------
      Total |      15 |       0 |   0.0 |       8 |       0 |   0.0
            +---------+---------+-------+---------+---------+-------
        D:1 |      15 |       0 |   0.0 |       8 |       0 |   0.0
            +---------+---------+-------+---------+---------+-------
